 Dungeon Crawl Stone Soup version 0.29-a0-723-gce39da1c22 (webtiles) character file.

Game seed: 1159349075864635811

3783 crusatyr the Severer (level 10, -8/118 (124) HPs)
             Began as a Hill Orc Monk on June 28, 2022.
             Was a Believer of Beogh.
             Mangled by a wight
             ... wielding a +3 halberd
              (16 damage)
             ... on level 8 of the Dungeon.
             The game lasted 00:20:06 (8648 turns).

crusatyr the Severer (Hill Orc Monk)                Turns: 8648, Time: 00:20:06

HP:   -8/118 (124)  AC: 25    Str: 19    XL:     10   Next: 16%
MP:   13/13         EV:  2    Int: 10    God:    Beogh [**....]
Gold: 224           SH:  7    Dex: 13    Spells: 9/9 levels left

rFire   + . .      SeeInvis .   h - +1 war axe
rCold   + . .      Faith    .   x - +0 kite shield
rNeg    + . .      Spirit   .   (body armour currently unavailable)
rPois   +          Reflect  .   (helmet currently unavailable)
rElec   +          Harm     .   (cloak currently unavailable)
rCorr   +          Rampage  .   (gloves currently unavailable)
Will    .....      NoTele   +   (boots currently unavailable)
Stlth   ++........              (no amulet)
HPRegen 0.29/turn               d - ring of positive energy
MPRegen 0.13/turn               (no ring)

@: tree-form, resistant, lightly drained
A: stationary, stasis, torment immunity, boosted hp
a: Renounce Religion, Smiting


You were on level 8 of the Dungeon.
You worshipped Beogh.
Beogh was pleased with you.
You were a tree.
You visited 1 branch of the dungeon, and saw 8 of its levels.

You collected 386 gold pieces.
You spent 162 gold pieces at shops.

Inventory:

Hand Weapons
 h - a +1 war axe (weapon)
 k - a +2 whip of electrocution
 n - a +1 broad axe
 E - a +0 morningstar of draining
 I - a +4 flail
Armour
 f - a +0 pair of boots (melded)
 s - a +0 plate armour (melded)
 u - a +0 helmet (melded)
 x - a +0 kite shield (worn)
 H - a +1 cloak (melded)
Jewellery
 b - a +6 ring of intelligence
 d - a ring of positive energy (left branch)
 l - a ring of flight
Wands
 e - a wand of mindburst (12)
 C - a wand of iceblast (7)
Scrolls
 o - 3 scrolls of blinking
 p - 2 scrolls of immolation
 q - a scroll of poison
 v - a scroll of fear
 A - 4 scrolls of teleportation
Potions
 a - 3 potions of haste
 c - a potion of ambrosia
 j - 4 potions of curing
 r - a potion of cancellation
 t - a potion of attraction {unknown}
 z - a potion of lignification
 G - a potion of flight {unknown}


   Skills:
 + Level 5.6 Fighting
 * Level 16.6 Axes
 + Level 3.6 Armour
 - Level 2.4 Dodging
 - Level 1.5 Stealth
 * Level 1.3 Shields
 + Level 4.5 Invocations


You had 9 spell levels left.
You didn't know any spells.
Your spell library contained the following spells:

 Spells                   Type           Power      Damage    Failure   Level
 Necrotize                Necr           0%         1d4       78%         1
 Ensorcelled Hibernation  Hex/Ice        0%         N/A       89%         2
 Passwall                 Tmut/Erth      0%         N/A       89%         2
 Swiftness                Air            0%         N/A       98%         3
 Vampiric Draining        Necr           0%         2d6       98%         3
 Agony                    Necr           0%         N/A       100%        5


Dungeon Overview and Level Annotations

Branches:
Dungeon (8/15)             Temple (0/1) D:6
   Lair: D:8-11

Altars:
Ashenzari
Cheibriados
Elyvilon
Fedhas
Gozag

Shops:
D:1 (   D:5 *


Message History

* * * LOW HITPOINT WARNING * * *
You feel much better.
You feel sick.
The killer bee stings you but does no damage.
You block the killer bee's attack.
The killer bee stings you but does no damage.
The orc warrior hits you with a +0 short sword.
* * * LOW HITPOINT WARNING * * *
The killer bee stings you but does no damage.
The killer bee stings you.
* * * LOW HITPOINT WARNING * * *
The killer bee barely misses you.
The wight hits you from afar with a +3 halberd.
* * * LOW HITPOINT WARNING * * *
You partially resist.
You feel drained.
You feel better.
The orc warrior hits you with a +0 short sword!
* * * LOW HITPOINT WARNING * * *
The killer bee stings you.
* * * LOW HITPOINT WARNING * * *
You block the killer bee's attack.
The killer bee stings you but does no damage.
The orc warrior hits you but does no damage.
The killer bee stings you but does no damage. x3
The wight hits you but does no damage.
You feel protected.
The killer bee barely misses you. x2; You block the killer bee's attack.
The orc warrior hits you with a +0 short sword!
* * * LOW HITPOINT WARNING * * *
The killer bee stings you but does no damage. x2
You block the killer bee's attack. The wight hits you but does no damage.
You feel better.
The orc warrior hits you but does no damage.
The killer bee barely misses you.
The killer bee stings you but does no damage. x2
The orc warrior hits you with a +0 short sword!
* * * LOW HITPOINT WARNING * * *
You block the killer bee's attack. The killer bee completely misses you.
You block the killer bee's attack.
The wight hits you from afar with a +3 halberd!
You die...

*..,,..#..,*,,,*,≈,,,,
*..**..#z≈,*,_,*,≈,*,,
*#>,,...,≈,*,,,*,≈,+>,
###.**#.#,≈,#.***,≈,,,,
#...###.#,≈$§.,,,,≈,***
#,#.....#,≈§≈§≈≈≈≈≈,*
#.#..).z#.....,,,,,,*
#..[z##yD...§§.,,,,,*
#...†o♣yh......,,,,,***
#....##y.?.....,,,,,,,,
#....##########*,,,,,,,
#...## *,,,,,,,
#..o******** ****,,,,
#..<*,,,,,_* *,,,,
#...+,,,,,,****** *,,,,
#..o*,,,,,_**,,,* *,,,,
*,,,*********,,,* *,,,,


You could see a steam dragon, an orc warrior (berserk), a black bear, 3 killer
bees and 2 wights.

Vanquished Creatures
  Pikel (D:3)
  Maggie (D:7)
  A wyvern (D:7)
  Eustachio (D:4)
  A steam dragon (D:7)
  Menkaure (D:4)
  A water moccasin (D:7)
  4 black bears
  An ice beast (D:6)
  An ogre (D:4)
  A centaur (D:7)
  A phantom (D:6)
  3 bullfrogs
  3 scorpions
  A necrophage (D:4)
  10 wights
  A killer bee (D:8)
  5 howler monkeys
  2 hounds
  3 orc priests
  4 iguanas
  3 orc wizards
  Robin (D:2)
  7 gnolls
  2 adders
  A shadow imp (D:7)
  3 ufetubi
  3 worms
  3 dart slugs
  8 orcs
  7 ball pythons
  6 bats
  6 endoplasms
  2 giant cockroaches (D:1)
  10 hobgoblins
  3 jackals (D:1)
  7 kobolds
  5 quokkas
  3 frilled lizards (D:1)
  20 goblins
  10 rats
157 creatures vanquished.

Vanquished Creatures (others)
  An orc (D:3)
1 creature vanquished.

Grand Total: 158 creatures vanquished

Notes
Turn   | Place    | Note
-------+----------+-------------------------------------------
     0 | D:1      | crusatyr the Hill Orc Monk began the quest for the Orb.
     0 | D:1      | Reached XP level 1. HP: 19/19 MP: 1/1
    39 | D:1      | Reached XP level 2. HP: 16/26 MP: 2/2
   278 | D:1      | Reached skill level 5 in Axes
   597 | D:1      | Reached XP level 3. HP: 23/31 MP: 3/3
   686 | D:1      | Found Wurch's Weapon Boutique.
  1141 | D:1      | Reached skill level 6 in Axes
  1431 | D:2      | Reached XP level 4. HP: 37/39 MP: 4/4
  1886 | D:2      | Noticed Robin
  1902 | D:2      | Killed Robin
  1903 | D:2      | Reached skill level 7 in Axes
  2698 | D:3      | Reached XP level 5. HP: 45/45 MP: 5/5
  2839 | D:3      | Became a worshipper of Beogh the Brigand
  2839 | D:3      | Reached * piety under Beogh
  2839 | D:3      | Reached ** piety under Beogh
  3001 | D:4      | Noticed Eustachio
  3076 | D:4      | Noticed a lemure
  3076 | D:4      | Noticed a lemure
  3076 | D:4      | Noticed Pikel
  3076 | D:4      | Noticed a lemure
  3122 | D:3      | Killed Pikel
  3123 | D:3      | Reached skill level 10 in Axes
  3123 | D:3      | Reached XP level 6. HP: 13/51 MP: 3/6
  3123 | D:3      | Reached XP level 7. HP: 15/57 MP: 3/7
  3624 | D:4      | Reached skill level 11 in Axes
  4126 | D:4      | Killed Eustachio
  4127 | D:4      | Reached skill level 12 in Axes
  4127 | D:4      | Reached XP level 8. HP: 49/64 MP: 8/8
  4299 | D:4      | Noticed Menkaure
  4314 | D:4      | Killed Menkaure
  4315 | D:4      | Reached skill level 13 in Axes
  4736 | D:5      | Entered Level 5 of the Dungeon
  5396 | D:5      | Reached skill level 14 in Axes
  5734 | D:5      | Found Hianider's Specific Store.
  5736 | D:5      | Found Imuble's General Store.
  5740 | D:5      | Bought a potion of lignification for 45 gold pieces
  5740 | D:5      | Bought a potion of curing for 45 gold pieces
  5744 | D:5      | Bought 2 scrolls of teleportation for 72 gold pieces
  5897 | D:5      | Reached XP level 9. HP: 70/70 MP: 9/9
  6135 | D:6      | Found a staircase to the Ecumenical Temple.
  6269 | D:6      | Found a blossoming altar of Fedhas.
  6270 | D:6      | Found an opulent altar of Gozag.
  6270 | D:6      | Found a white marble altar of Elyvilon.
  6270 | D:6      | Found a broken altar of Ashenzari.
  6386 | D:6      | Reached skill level 15 in Axes
  7038 | D:6      | Reached skill level 1 in Invocations
  7042 | D:6      | Reached skill level 1 in Armour
  7500 | D:7      | Noticed Maggie
  7735 | D:7      | Reached skill level 16 in Axes
  7879 | D:7      | Identified the +12 trident of Watchfulness {drain, rPois
                  | Str+3 Dex+2}
  7911 | D:7      | Killed Maggie
  7912 | D:7      | Reached skill level 5 in Fighting
  8205 | D:7      | Reached XP level 10. HP: 75/81 MP: 12/12
  8468 | D:8      | Found a snail-covered altar of Cheibriados.
  8624 | D:8      | Reached skill level 1 in Shields
  8644 | D:8      | HP: 5/120 [wight/+3 halberd (9)]
  8648 | D:8      | Mangled by a wight

Illustrated notes

Levels and vault maps discovered:
D:1:      amcnicky_arrival_flooded_fountain, layout_rooms, serial_shops,
          nicolae_shop_statue_plus, minmay_nonomino_d4
D:2:      layout_basic, dreamdust_princess_corridor, minmay_indecisive_spiral,
          uniq_robin
D:3:      layout_loops_cross
D:4:      layout_loops_cross, dk_noncrumbling_2, uniq_menkaure, uniq_eustachio,
          uniq_pikel
D:5:      layout_basic, nicolae_specific_store
D:6:      nicolae_cairo_tiling, layout_loops_corners,
          chequers_temple_overflow_statue_of_worship
D:7:      layout_basic, chequers_jeans, minmay_misc_feat_room, uniq_maggie
D:8:      layout_basic, grunt_temple_overflow_bloody_war,
          mainiacjoe_overflow_brackets, slow_altar_1, serial_aquarium,
          aquarium_bridge_square [aquarium_subvault_bridge,
          aquarium_subvault_bridge, aquarium_subvault_balcony,
          aquarium_subvault_window], aquarium_window_1, aquarium_window_fake,
          aquarium_view_2b, aquarium_pool_2, nicolae_ossuary_entry_monument,
          hellmonk_guarded_unrand_gyre_and_gimble

Skill      XL: |  1  2  3  4  5  6  7  8  9 10 |
---------------+-------------------------------+-----
Axes           | 5 6 7 10 12 14 16 | 16.6
Invocations    | 3 4 |  4.5
Fighting       | 5 |  5.6
Armour         | 3 |  3.6
Shields        | 1 |  1.3
Dodging        | |  2.4
Stealth        | |  1.5

Action                   |  1- 3 |  4- 6 |  7- 9 | 10-12 || total
-------------------------+-------+-------+-------+-------++-------
Melee: Hand axe          |   129 |   108 |    27 |       ||   264
       Punch             |     1 |       |     5 |     1 ||     7
       Whip              |       |    15 |   195 |       ||   210
       War axe           |       |       |   100 |    47 ||   147
Invok: Smiting           |       |     1 |     3 |       ||     4
       Convert to Beogh  |       |     1 |       |       ||     1
  Use: Scroll            |       |       |     6 |     8 ||    14
       Potion            |       |       |     1 |     6 ||     7
Armor: Robe              |     9 |       |       |       ||     9
       Ring mail         |    38 |     7 |       |       ||    45
       Chain mail        |       |    58 |    88 |       ||   146
       Plate armour      |       |       |    59 |    19 ||    78
       Skin              |       |       |     5 |    63 ||    68
Dodge: Dodged            |    92 |    47 |    88 |    19 ||   246
Block: Kite shield       |       |       |       |    29 ||    29

Table legend: (Time is in decaauts)
 A = Elapsed time spent in this place.
 B = Non-inter-level travel time spent in this place.
 C = Inter-level travel time spent in this place.
 D = Time resting spent in this place.
 E = Time spent auto-exploring this place.
 F = Levels seen in this place.
 G = Mean time per level.
                   A        B        C        D        E       F      G
               +--------+--------+--------+--------+--------+-----+--------+
         Total |   8545 |   8228 |    317 |    575 |   6012 |   8 | 1068.1 |
       Dungeon |   8545 |   8228 |    317 |    575 |   6012 |   8 | 1068.1 |
               +--------+--------+--------+--------+--------+-----+--------+

Top non-repeatable levels by time:
     D:4: 1431 daAuts
     D:6: 1376 daAuts
     D:5: 1373 daAuts
     D:1: 1323 daAuts
     D:7: 1004 daAuts
     D:3: 990 daAuts
     D:2: 957 daAuts
     D:8: 87 daAuts
